 Dungeon Crawl Stone Soup version 0.28-a0-1613-gdaab1c2f9b (webtiles) character file.

Game seed: 18417922274218654496

1057 a3don the Skirmisher (level 8, 0/71 HPs)
             Began as a Hill Orc Fighter on Jan 22, 2022.
             Was a Follower of Cheibriados.
             Slain by an orc (6 damage)
             ... on level 5 of the Dungeon.
             The game lasted 00:07:43 (5782 turns).

a3don the Skirmisher (Hill Orc Fighter)             Turns: 5782, Time: 00:07:44

Health: 0/71       AC:  8    Str: 22    XL:     8   Next: 27%
Magic:  9/10       EV:  9    Int: 13    God:    Cheibriados [*.....]
Gold:   189        SH:  5    Dex: 13    Spells: 10/10 levels left

rFire   + . .      SeeInvis .   a - +0 war axe
rCold   . . .      Faith    .   c - +0 buckler
rNeg    . . .      Spirit   .   i - +0 scale mail {rF+}
rPois   .          Reflect  .   (no helmet)
rElec   .          Harm     .   (no cloak)
rCorr   .          Rampage  .   s - +0 pair of gloves
Will    .....                   (no boots)
Stlth   ..........              (no amulet)
HPRegen 0.21/turn               (no ring)
MPRegen 0.12/turn               (no ring)

@: very slow
A: no striking features
a: Renounce Religion, Bend Time


You were on level 5 of the Dungeon.
You worshipped Cheibriados.
Cheibriados was aware of your devotion.
You visited 1 branch of the dungeon, and saw 5 of its levels.

You collected 189 gold pieces.

Inventory:

Hand Weapons
 a - a +0 war axe (weapon)
Missiles
 g - 177 stones
 h - 5 javelins
 r - 7 boomerangs (quivered)
 u - 4 poisoned darts
Armour
 b - a +0 scale mail
 c - a +0 buckler (worn)
 i - a +0 scale mail of fire resistance (worn)
 s - a +0 pair of gloves (worn)
Magical Staves
 x - a staff of conjuration
Jewellery
 n - an amulet of faith
Wands
 v - a wand of flame (10)
Scrolls
 e - 5 scrolls of magic mapping {unknown}
 f - a scroll of holy word {unknown}
 j - 2 scrolls of noise {unknown}
 l - 4 scrolls of identify {unknown}
 m - a scroll of enchant armour {unknown}
 p - a scroll of enchant weapon {unknown}
 q - a scroll of torment {unknown}
 y - a scroll of summoning {unknown}
Potions
 d - 2 potions of might
 k - a potion of cancellation {unknown}
 o - a potion of heal wounds {unknown}
 t - 3 potions of curing {unknown}
 w - a potion of flight {unknown}


   Skills:
 + Level 6.4 Fighting
 + Level 6.4 Axes
 + Level 5.7 Armour
 + Level 5.8 Shields
 + Level 1.8 Spellcasting
 + Level 0.7 Translocations


You had 10 spell levels left.
You didn't know any spells.
Your spell library contained the following spells:

 Spells                   Type           Power      Damage    Failure   Level
 Gell's Gravitas          Tloc           3%         N/A       88%         3
 Lesser Beckoning         Tloc           3%         N/A       88%         3
 Teleport Other           Tloc           3%         N/A       88%         3


Dungeon Overview and Level Annotations

Branches:
Dungeon (5/15)             Temple (0/1) D:5

Altars:
Ashenzari
Cheibriados
Gozag
Nemelex Xobeh
Yredelemnul

Shops:
D:1 :   D:2 [*((


Message History

The orc warrior is lightly wounded.
The orc warrior closely misses you.
You barely miss the orc warrior.
The orc warrior is lightly wounded.
You block the orc warrior's attack.
You slash the orc warrior!
The orc warrior is heavily wounded.
The orc warrior hits you with a +0 mace!
You hit the orc warrior but do no damage.
The orc warrior is heavily wounded.
The orc warrior hits you with a +0 mace!
* * * LOW HITPOINT WARNING * * *
The orc warrior barely misses you.
You closely miss the orc warrior.
The orc warrior is heavily wounded.
The orc warrior hits you but does no damage.
You slash the orc warrior!
The orc warrior is almost dead.
The orc warrior hits you with a +0 mace.
* * * LOW HITPOINT WARNING * * *
You slash the orc warrior!
You kill the orc warrior!
Cheibriados appreciates the change of pace.
Something hits you.
* * * LOW HITPOINT WARNING * * *
The flow of time bends around you.
Cheibriados rebukes something.
You slash something!
You hear some strange, mumbled words.
A puff of flame appears from out of thin air!
The puff of flame hits you. You resist.
* * * LOW HITPOINT WARNING * * *
You slash something!
Reactivating autopickup.
You feel a bit more experienced. The orc hits you but does no damage.
The orc closely misses you.
The orc throws a boomerang.
You block the boomerang.
You hit the orc but do no damage. The orc hits you with a +0 flail.
You die...

⌠...................##.##.###
.(........##..####..##.##.#
>.⌠.......##..# #.....##.#
o.........##..####.....##.###
#'# #....#............. #)#
#....#...........#. #. #.#
#....#...........#.
#.##.####..##.............
..#.....@.##...........##
#.#.#.##o.##...........#
#.#.#.##..##...........#
######......w...#...........#
.........#.#....+..##########
#####...#.#....##.# .
###...#.#....##'######
..#####.......#....#.......#
.........#.................#


You could see a worm and an orc.

Vanquished Creatures
  Sigmund (D:3)
  Eustachio (D:4)
  An orc warrior (D:5)
  An ice beast (D:4)
  A necrophage (D:2)
  A wyvern zombie (D:5)
  A scorpion (D:4)
  A water moccasin skeleton (D:4)
  A hound (D:5)
  An orc priest (D:4)
  2 iguanas (D:5)
  2 orc wizards
  Robin (D:4)
  5 adders
  A shadow imp (D:5)
  3 worms
  6 orcs
  5 bats
  4 endoplasms
  3 giant cockroaches
  15 goblins
  13 hobgoblins
  5 kobolds
  5 quokkas
  2 ball pythons
  3 frilled lizards (D:1)
  6 rats
91 creatures vanquished.

Notes
Turn   | Place    | Note
-------+----------+-------------------------------------------
     0 | D:1      | a3don the Hill Orc Fighter began the quest for the Orb.
     0 | D:1      | Reached XP level 1. HP: 19/19 MP: 1/1
   127 | D:1      | Reached XP level 2. HP: 27/27 MP: 2/2
   189 | D:1      | Found Hol Gemn's Book Shop.
  1013 | D:2      | Reached XP level 3. HP: 30/33 MP: 3/3
  1459 | D:2      | Found Lodich's Assorted Antiques.
  1459 | D:2      | Found Kiejixki's Antique Armour Boutique.
  1560 | D:2      | Found Egiur's Antique Weapon Emporium.
  1644 | D:2      | Found Bafoxull's Antique Weapon Shop.
  1958 | D:2      | Reached XP level 4. HP: 40/40 MP: 4/4
  2001 | D:2      | Noticed a necrophage
  2012 | D:2      | Killed a necrophage
  2013 | D:2      | Reached XP level 5. HP: 36/47 MP: 5/5
  2905 | D:3      | Found a broken altar of Ashenzari.
  2915 | D:3      | Found a basalt altar of Yredelemnul.
  2917 | D:3      | Found an opulent altar of Gozag.
  2936 | D:3      | Found a sparkling altar of Nemelex Xobeh.
  2940 | D:3      | Found a snail-covered altar of Cheibriados.
  3165 | D:3      | Became a worshipper of Cheibriados the Contemplative
  3344 | D:3      | Noticed Sigmund
  3349 | D:3      | Killed Sigmund
  3350 | D:3      | Reached skill level 5 in Fighting
  3350 | D:3      | Reached skill level 5 in Axes
  3350 | D:3      | Reached XP level 6. HP: 43/56 MP: 6/6
  3988 | D:4      | Noticed Robin
  3993 | D:4      | Reached skill level 5 in Shields
  3997 | D:4      | Reached * piety under Cheibriados
  4013 | D:4      | Killed Robin
  4014 | D:4      | Reached skill level 5 in Armour
  4014 | D:4      | Reached XP level 7. HP: 44/61 MP: 7/7
  4611 | D:4      | Noticed Eustachio
  4645 | D:4      | Killed Eustachio
  4646 | D:4      | Reached skill level 1 in Spellcasting
  5234 | D:5      | Entered Level 5 of the Dungeon
  5312 | D:5      | Reached XP level 8. HP: 67/70 MP: 10/10
  5742 | D:5      | Found a staircase to the Ecumenical Temple.
  5769 | D:5      | HP: 2/71 [something/puff of flame (4)]
  5782 | D:5      | Slain by an orc

Illustrated notes

Levels and vault maps discovered:
D:1:      dpeg_arrival_prison, layout_basic, serial_shops, shop_statue
D:2:      layout_basic, serial_shops, nicolae_shop_hallway_plus,
          nicolae_shop_waterfront, shop_fountains, nicolae_shop_statue_plus,
          serial_park_tiny_pond, kennysheep_generic_room_11
D:3:      layout_basic, minmay_overflow_temple_star_hex, uniq_sigmund
D:4:      layout_loops_ring, kennysheep_potato, uniq_robin, uniq_eustachio
D:5:      layout_basic, nicolae_sif_muna_condensation, temple_fountains

Skill      XL: |  1  2  3  4  5  6  7 |
---------------+----------------------+-----
Axes           | 3 4 5 6 |  6.4
Fighting       | 4 5 6 |  6.4
Armour         | 4 5 |  5.7
Shields        | 4 5 |  5.8
Spellcasting   | 1 |  1.8
Translocations | |  0.7

Action                   |  1- 3 |  4- 6 |  7- 9 || total
-------------------------+-------+-------+-------++-------
Melee: War axe           |   118 |   109 |   105 ||   332
Throw: Stone             |       |       |     1 ||     1
Invok: Bend Time         |       |       |     1 ||     1
Armor: Scale mail        |    53 |    61 |    25 ||   139
Dodge: Dodged            |    63 |    48 |    32 ||   143
Block: Buckler           |    36 |    25 |    31 ||    92

Table legend: (Time is in decaauts)
 A = Elapsed time spent in this place.
 B = Non-inter-level travel time spent in this place.
 C = Inter-level travel time spent in this place.
 D = Time resting spent in this place.
 E = Time spent auto-exploring this place.
 F = Levels seen in this place.
 G = Mean time per level.
                   A        B        C        D        E       F      G
               +--------+--------+--------+--------+--------+-----+--------+
         Total |   6354 |   6021 |    333 |    626 |   4529 |   5 | 1270.8 |
       Dungeon |   6354 |   6021 |    333 |    626 |   4529 |   5 | 1270.8 |
               +--------+--------+--------+--------+--------+-----+--------+

Top non-repeatable levels by time:
     D:4: 1843 daAuts
     D:3: 1641 daAuts
     D:2: 1228 daAuts
     D:1: 1014 daAuts
     D:5: 626 daAuts
